Map: Cyber Forest LE

Players

Harstem

  • Race: Protoss Protoss
  • League: Grandmaster
  • Spawn Location: 5:00

A.I. 1 (Very Easy) - Winner!

  • Race: Terran Terran
  • Spawn Location: 11:00

VOD

Have the link to the VOD?

Description

Time

  • Played on: June 10, 2019, 2:20 p.m.
  • Length: 6:39
Show
View Real Time Build Order
Export as new Build Order

Harstem Protoss 

Build Orders: 1 Gate Expand, Oracle Opening, Zealot Archon 

Get SALT Encoding   

  12  0:00  Probe  
  13  0:13  Probe  
  14  0:17  Pylon  
  14  0:24  Probe  
  15  0:32  Probe  
  15  0:37  Gateway  
  15  0:40  Probe  
  16  0:49  Assimilator  
  17  0:51  Probe  
  18  1:03  Probe  
  19  1:15  Probe  
  20  1:22  Nexus  
  20  1:32  Cybernetics Core  
  20  1:35  Probe  
  21  1:40  Assimilator  
  21  1:47  Probe  
  21  1:50  Pylon  
  22  1:59  Probe, Adept  
  23  2:11  Probe  
  26  2:17  Stargate  
  26  2:23  Probe  
  26  2:29  Adept  
  29  2:30  Probe, Warp Gate  
  29  2:31  Probe  
  31  2:38  Probe  
  31  2:40  Probe  
  33  2:48  Probe  
  33  2:50  Probe  
  34  2:52  Oracle  
  35  3:00  Probe  
  35  3:04  Probe  
  40  3:11  Gateway  
  40  3:12  Gateway  
  40  3:14  Probe  
  40  3:17  Probe  
  40  3:19  Oracle  
  42  3:22  Pylon  
  42  3:26  Probe  
  46  3:36  Assimilator  
  46  3:39  Assimilator  
  46  3:40  Probe  
  48  3:42  Pylon  
  48  3:44  Probe, Adept  
  50  3:52  Probe, Pylon  
  50  3:53  Oracle  
  51  4:00  Probe  
  55  4:05  Probe  
  56  4:12  Probe  
  56  4:17  Probe  
  58  4:19  Adept x2  
  58  4:22  Adept  
  64  4:24  Probe  
  64  4:29  Probe  
  64  4:31  Twilight Council, Forge  
  66  4:33  Pylon  
  66  4:47  Nexus  
  66  4:50  Probe  
  66  4:51  Probe  
  68  4:56  Charge  
  68  5:00  Sentry  
  70  5:11  Gateway x2  
  70  5:14  Gateway  
  70  5:19  Templar Archives  
  70  5:28  Gateway  
  70  5:29  Gateway  
  70  5:33  Probe  
  71  5:36  Pylon  
  71  5:38  Probe  
  71  5:40  Sentry  
  74  5:45  Probe  
  75  5:50  Probe  
  75  5:52  Pylon  
  75  5:56  High Templar x2  
  80  5:57  Probe  
  80  6:00  Archon  
  80  6:02  Probe  
  83  6:06  Zealot x2  
  83  6:07  Zealot  
  83  6:09  Zealot  
  83  6:10  Pylon  
  90  6:18  Pylon  
  90  6:23  High Templar x2  
  94  6:26  Zealot x2  
  94  6:27  Zealot  
  94  6:28  Archon  
  94  6:29  Zealot x2  
  94  6:31  Sentry  
  106  6:39  Pylon  
Show
View Real Time Build Order
Export as new Build Order

A.I. 1 (Very Easy) Terran - Winner!

Build Orders:  

Get SALT Encoding   

  12  0:00  SCV  
  13  0:13  SCV  
  14  0:18  Supply Depot  
  14  0:37  Refinery  
  14  0:41  Barracks  
  14  1:04  Supply Depot  
  14  1:12  Refinery  
  14  1:27  Marine  
  14  1:30  Orbital Command  
  15  1:56  SCV  
  16  2:08  SCV  
  17  2:13  Marine  
  18  2:20  SCV  
  19  2:32  SCV  
  19  2:33  Barracks Tech Lab  
  20  2:44  SCV  
  21  2:56  SCV  
  22  3:00  Marauder  
  24  4:56  Marine  
  24  4:58  Supply Depot  
  25  5:25  Marauder  
  27  5:32  SCV  
  27  5:53  Marine  
Tags
 
Add a new tag
Caveats
  • Supply blocks, unpowered buildings, or Contaminate may cause inaccurate times.
  • Supply counts are checked every 10 seconds.